AoeStats
← 精锐蒙古突骑

Oasis

509614070Analyzed
2v2 RM · 4d ago on Sep 27, 2026· 53m 54s· 4 players
Game mode
Random Map
Map size
Medium (4 player)
Population
200
Speed
Normal
Resources
Standard
Victory
Conquest
Starting age
Dark Age
Ending age
Imperial Age
RankedLock teamsTeams togetherTeam positionsShared explorationLock speedFull tech treeHidden civsTurbo modeCheats
Victory
Defeat
🇧🇪 Hindustanis · Belgium
1512
+8
🇨🇦 Britons · Canada
1409
+12
🇦🇷 Sicilians · Argentina
1321
-10
🇨🇳 Khitans · China
1320
-10
Jaha
7:57 Loom
9:49 Feudal Age
9:26 Loom
10:28 Double-Bit Axe
10:35 Gold Mining
12:18 Town Watch
12:46 Fletching
21:13 Castle Age
20:40 Padded Archer Armor
21:22 Crossbowman
25:27 Ballistics
36:23 Imperial Age
34:37 Leather Archer Armor
34:35 Bodkin Arrow
35:45 Horse Collar
40:38 Bracer
46:44 Conscription
46:29 Stone Mining
48:45 Wheelbarrow
49:03 Arbalester
51:23 Chemistry
53:13 Yeomen
chubbynarator
5:27 Loom
8:19 Feudal Age
9:15 Double-Bit Axe
15:16 Fletching
17:45 Horse Collar
19:21 Town Watch
22:08 Castle Age
21:33 Bloodlines
21:40 Scale Mail Armor
21:48 Scale Barding Armor
21:38 Gold Mining
24:35 Husbandry
27:20 Forging
32:34 Chain Barding Armor
35:04 Iron Casting
38:33 Scale Mail Armor
38:46 Pikeman
41:06 Chain Mail Armor
41:10 Padded Archer Armor
43:25 Wheelbarrow
44:47 Squires
45:25 Leather Archer Armor
46:54 Bow Saw
49:24 Crossbowman
50:09 Thumb Ring
50:01 Bodkin Arrow
55:01 Imperial Age
52:52 Town Watch
54:02 Ballistics
我没医保我不上
6:35 Loom
9:07 Feudal Age
10:25 Double-Bit Axe
16:08 Horse Collar
20:32 Fletching
20:43 Scale Mail Armor
22:12 Padded Archer Armor
26:11 Castle Age
26:24 Gold Mining
27:50 Chain Mail Armor
28:22 Wheelbarrow
27:34 Town Watch
28:53 Leather Archer Armor
29:59 Forging
30:21 Elite Skirmisher
31:35 Squires
33:20 Hand Cart
33:26 Gambesons
35:18 Iron Casting
36:29 Heavy Plow
35:52 Pikeman
41:28 Town Patrol
41:36 Stone Mining
43:41 Husbandry
43:52 Bloodlines
44:32 Bloodlines
45:26 Scale Barding Armor
46:45 Chain Barding Armor
48:41 Gold Shaft Mining
51:52 Imperial Age
51:59 Cavalier
53:34 Plate Barding Armor
精锐蒙古突骑
6:53 Loom
9:16 Feudal Age
11:22 Double-Bit Axe
15:42 Forging
15:46 Scale Barding Armor
16:58 Forging
18:06 Wheelbarrow
24:33 Castle Age
22:32 Domestication
24:31 Gold Mining
26:01 Iron Casting
25:46 Chain Barding Armor
26:11 Husbandry
34:43 Bow Saw
38:01 Hand Cart
42:32 Imperial Age
44:10 Plate Barding Armor
43:42 Heavy Camel Rider
45:17 Pikeman
46:13 Scale Mail Armor
46:52 Squires
47:34 Chain Mail Armor
49:01 Plate Mail Armor
53:28 Light Cavalry
Connection lost

Rejoining the realm…

Still unreachable

The connection could not be restored.

Session expired

The server has moved on; the page needs a fresh start.